 Dungeon Crawl Stone Soup version 0.25-a0-294-gea9b1ad378 (webtiles) character file.

Game seed: 1829217754406285531, levelgen mode: deterministic

280 RedPan the Chiller (level 6, -1/67 HPs)
             Began as a Draconian Ice Elementalist on Dec 19, 2019.
             Succumbed to an orc wizard's poison
             ... on level 4 of the Dungeon.
             The game lasted 00:07:48 (3281 turns).

RedPan the Chiller (Draconian Ice Elementalist)     Turns: 3281, Time: 00:07:49

Health: -1/67      AC:  8    Str: 16    XL:     6   Next: 5%
Magic:  8/11       EV: 12    Int: 22    God:
Gold:   120        SH:  0    Dex: 11    Spells: 3/12 levels left

rFire    . . .     SeeInvis .   a - +1 spear
rCold    . . .     Gourm    .   (no shield)
rNeg     + . .     Faith    .   (armour unavailable)
rPois    .         Spirit   .   (helmet restricted)
rElec    .         Reflect  .   e - +0 cloak
rCorr    .         Harm     .   j - +0 pair of gloves
MR       .....                  (no boots)
Stlth    ..........             (no amulet)
HPRegen  0.21/turn              c - ring of positive energy
MPRegen  0.12/turn              (no ring)

@: confused, mighty, brilliant, berserking, lethally poisoned (-1 -> -34), very
quick
A: unfitting armour, cold-blooded, AC +6
a: no special abilities


You were on level 4 of the Dungeon.
You were hungry.

You visited 1 branch of the dungeon, and saw 4 of its levels.

You collected 120 gold pieces.

Inventory:

Hand Weapons
 a - a +1 spear (weapon)
 o - a +0 trident
Armour
 e - a +0 cloak (worn)
 j - a +0 pair of gloves (worn)
Magical Staves
 d - an uncursed staff of energy
 i - an uncursed staff of air
Jewellery
 c - a ring of positive energy (left hand)
Scrolls
 h - a scroll of remove curse
 p - a scroll of enchant weapon
 q - a scroll of fog {unknown}
Potions
 g - a potion of brilliance
 k - a potion of heal wounds
 l - a potion of might
 n - a potion of berserk rage
Comestibles
 b - 6 rations


   Skills:
 - Level 2.0 Dodging
 - Level 2.0 Stealth
 + Level 3.9 Spellcasting
 + Level 2.3 Summonings
 + Level 5.4 Ice Magic


You had 3 spell levels left.
You knew the following spells:

 Your Spells              Type           Power        Failure   Level  Hunger
a - Freeze                Ice            ####         1%          1    None
b - Summon Ice Beast      Ice/Summ       ####....     2%          4    ####...
c - Hailstorm             Conj/Ice       ####....     4%          4    ####...

Your spell library contained the following spells:

 Spells                   Type           Power        Failure   Level  Hunger
 Beastly Appendage        Tmut           ###...       1%          1    None
 Ozocubu's Armour         Chrm/Ice       ####....     1%          3    ###....
 Sticks to Snakes         Tmut           ###.....     2%          2    #......
 Spider Form              Tmut/Pois      ###.......   4%          3    ###....
 Ice Form                 Ice/Tmut       ####....     4%          4    ####...
 Blade Hands              Tmut           ###.......   30%         5    ######.


Dungeon Overview and Level Annotations

Branches:
Dungeon (4/15)
 Temple: D:4-7

Altars:
Dithmenos


Innate Abilities, Weirdness & Mutations

Your plain brown scales are hard. (AC +6)
You cannot fit into any form of body armour.
You are cold-blooded and may be slowed by cold attacks.


Message History

You are electrocuted!!
Unknown command.
Unknown command.
Okay, then.
You're too confused!
It was a potion of might.
You feel very mighty all of a sudden.
* * * LOW HITPOINT WARNING * * *
You feel very sick.
You hear some strange, mumbled words.
A puff of flame appears from out of thin air!
The puff of flame hits you.
* * * LOW HITPOINT WARNING * * *
The orc hits you with a +1 hand axe of electrocution.
* * * LOW HITPOINT WARNING * * *
Unknown command.
It was a potion of berserk rage.
A red film seems to cover your vision as you go berserk!
You feel yourself moving faster!
You feel mighty!
You die...

...## #.# #.##
#.# #.# #.# #.#
#.# ###.#####.#
#..[......#
##.#.#####.#
#....)..#
#...##.@#
.........{o...../
###...#.#.##.##.#
#.......# #
##.##.### #. ..
#. #.


You could see an orc.

Vanquished Creatures
  An orc wizard (D:4)
  A bullfrog skeleton (D:4)
  Jessica (D:3)
  Robin (D:3)
  3 gnolls (D:3)
  An adder (D:3)
  An ooze (D:1)
  A dart slug (D:3)
  2 leopard geckos (D:3)
  3 orcs
  A ball python (D:1)
  6 giant cockroaches
  15 goblins
  10 hobgoblins
  2 jackals (D:1)
  4 bats
  5 frilled lizards
  8 kobolds
  7 rats
73 creatures vanquished.

Vanquished Creatures (collateral kills)
  Blork the orc (D:4)
  A hound (D:4)
  An orc (D:4)
3 creatures vanquished.

Grand Total: 76 creatures vanquished

Notes
Turn   | Place    | Note
-------+----------+-------------------------------------------
     0 | D:1      | RedPan the Draconian Ice Elementalist began the quest for
                  | the Orb.
     0 | D:1      | Reached XP level 1. HP: 14/14 MP: 3/3
   205 | D:1      | Reached XP level 2. HP: 17/20 MP: 3/5
   533 | D:1      | Reached XP level 3. HP: 19/26 MP: 2/6
  1014 | D:2      | Found a shadowy altar of Dithmenos.
  1740 | D:3      | Reached XP level 4. HP: 24/33 MP: 3/8
  1819 | D:3      | Learned a level 4 spell: Summon Ice Beast
  1824 | D:3      | Learned a level 4 spell: Hailstorm
  2249 | D:3      | Noticed Jessica
  2254 | D:3      | Killed Jessica
  2254 | D:3      | Reached skill level 1 in Summonings
  2254 | D:3      | Reached skill level 5 in Ice Magic
  2410 | D:3      | Noticed Robin
  2416 | D:3      | Reached XP level 5. HP: 30/38 MP: 8/10
  2441 | D:3      | Killed Robin
  2816 | D:4      | Noticed Blork the orc
  2821 | D:4      | Killed Blork the orc
  2910 | D:4      | Noticed a spatial vortex
  3266 | D:4      | Reached XP level 6. HP: 35/45 MP: 7/11
  3280 | D:4      | HP: 1/45 [orc/+1 hand axe of electrocution (6)]
  3281 | D:4      | Succumbed to an orc wizard's poison

Levels and vault maps discovered:
D:1:      mrwooster_arrival_statue_3, layout_basic
D:2:      layout_loops_ring, lemuel_crystal_altar, first_ration
D:3:      layout_loops_cross, uniq_jessica, uniq_robin
D:4:      layout_loops_corners, uniq_blork_the_orc

Skill      XL: |  1  2  3  4  5 |
---------------+----------------+-----
Dodging        | 2 |  2.0
Stealth        | 2 |  2.0
Spellcasting   | 3 |  3.9
Summonings     | 1 2 |  2.3
Ice Magic      | 5 |  5.4

Action                   |  1- 3 |  4- 6 || total
-------------------------+-------+-------++-------
Melee: Spear             |    72 |    59 ||   131
       Tailslap          |     4 |     5 ||     9
 Cast: Freeze            |    37 |    29 ||    66
       Summon Ice Beast  |       |     2 ||     2
  Use: Scroll            |     4 |     1 ||     5
       Potion            |       |     6 ||     6
 Stab: Sleeping          |     8 |     4 ||    12
  Eat: Chunk             |     3 |     5 ||     8
Armor: Skin              |    32 |    27 ||    59
Dodge: Dodged            |    54 |    47 ||   101

Table legend:
 A = Non-vault XP
 B = Vault XP
 C = Vault XP percentage of total XP
 D = Non-vault monster count
 E = Vault monster count
 F = Vault count percentage of total count
                 A         B        C        D         E       F
            +---------+---------+-------+---------+---------+-------
      Total |     253 |     147 |  36.8 |      62 |      14 |  18.4
            +---------+---------+-------+---------+---------+-------
        D:1 |      55 |       0 |   0.0 |      30 |       0 |   0.0
        D:2 |      20 |       0 |   0.0 |      11 |       0 |   0.0
        D:3 |      80 |      76 |  48.7 |      16 |      13 |  44.8
        D:4 |      98 |      71 |  42.0 |       5 |       1 |  16.7
            +---------+---------+-------+---------+---------+-------
